 Dungeon Crawl Stone Soup version 0.17.0-24-gcfadda4 (webtiles) character file.

140 MDvedh the Cudgeler (level 5, -4/28 HPs)
             Began as a Gargoyle Summoner on Nov 17, 2015.
             Killed from afar by an orc wizard (7 damage)
             ... with a magic dart
             ... on level 3 of the Dungeon.
             The game lasted 00:04:56 (3356 turns).

MDvedh the Cudgeler (Gargoyle Summoner)             Turns: 3356, Time: 00:04:56

Health: -4/28      AC:  9    Str: 12    XL:     5   Next: 22%
Magic:  8/8        EV: 10    Int: 16    God:
Gold:   53         SH:  0    Dex: 12    Spells: 1 memorised, 7 levels left

rFire  . . .     SeeInvis .     p - +0 flail
rCold  . . .     Clarity  .     k - +0 ring mail
rNeg   + . .     SustAt   .     (no shield)
rPois  ∞         Gourm    .     (no helmet)
rElec  +         Spirit   .     (no cloak)
rCorr  .         Warding  .     (no gloves)
rMut   .         Stasis   .     (no boots)
MR     .....                    (no amulet)
Stlth  +.........               (no ring)
                                (no ring)

@: not resistant to hostile enchantments, very unstealthy
A: hooves 1, agile 1, negative energy resistance 1, electricity resistance, wild
magic 1, unbreathing, petrification resistance, rot immunity, AC +4
a: no special abilities


You were on level 3 of the Dungeon.
You were very hungry.

You visited 1 branch of the dungeon, and saw 3 of its levels.

You collected 53 gold pieces.

Inventory:

Hand Weapons
 d - a +0 club
 p - a +0 flail (weapon)
Armour
 a - a +0 robe
 k - a +0 ring mail (worn)
Wands
 h - a wand of fireball (10)
Scrolls
 e - 3 scrolls of identify {unknown}
 j - 4 scrolls of remove curse {unknown}
 l - a scroll of enchant weapon {unknown}
 m - 3 scrolls of fear {unknown}
 n - a scroll of magic mapping {unknown}
Potions
 g - 2 potions of mutation
Books
 b - a book of Callings

   Spells                             Type                      Level
   a - Summon Small Mammal            Summoning                    1
   b - Call Imp                       Summoning                    2
   c - Call Canine Familiar           Summoning                    3
   d - Summon Guardian Golem          Hexes/Summoning              3
   e - Summon Lightning Spire         Summoning/Air                4
   f - Summon Ice Beast               Ice/Summoning                4
Comestibles
 c - a bread ration
 f - 2 meat rations
 o - a chunk of flesh


   Skills:
 - Level 0.4 Fighting
 + Level 4.6 Maces & Flails
 - Level 1.5 Dodging
 - Level 2.1 Stealth
 - Level 2.0 Spellcasting
 - Level 3.6 Summonings


You had 7 spell levels left.
You knew the following spells:

 Your Spells              Type           Power        Failure   Level  Hunger
a - Summon Small Mammal   Summ           ###.         22%         1    #......


Dungeon Overview and Level Annotations

Branches:
Dungeon (3/15)

Altars:

Annotations:
D:2 Sigmund


Innate Abilities, Weirdness & Mutations

You are resistant to torment.
Your stone body is resilient (AC +4).
You are immune to poison.
You resist negative energy.
You are resistant to electric shocks.
You can survive without breathing.
You are immune to petrification.
You are immune to rotting.
You have large cloven feet.
You are agile. (Dex +2)
Your spells are a little harder to cast, but a little more powerful.


Message History

You hit the orc wizard. Your kick misses the orc wizard.
The orc wizard is heavily wounded.
You feel yourself speed up.
The orc wizard hits you but does no damage.
The orc wizard casts a spell at you. The magic dart hits you!
* * * LOW HITPOINT WARNING * * *
You barely miss the orc wizard.
You kick the orc wizard, but do no damage.
The orc wizard is heavily wounded.
The orc wizard gestures at you while chanting.
The magic dart hits you!
* * * LOW HITPOINT WARNING * * *
Unknown command.
You closely miss the orc wizard. Your kick misses the orc wizard.
The orc wizard is heavily wounded.
The orc wizard closely misses you.
The orc wizard points at you and mumbles some strange words.
The magic dart hits you!
You die...

#....# ##...## #.
####.# ##'## #. #.#
#..## #.
#.########.#.## #.
#.......#.###.########.
#.#####..## ##.........
#o# #...###...#######
#.#####.#..#.##.#
#.##oo@.....###.#
#....##.#..## #.#
#.......#..####.#
#########.......#
##.###### #.# #.# #.#
########### #.#


You could see an orc wizard and an orc.

Vanquished Creatures
  An orc wizard (D:3)
  4 adders
  A worm (D:2)
  3 giant geckos
  8 orcs (D:3)
  9 bats
  A giant cockroach (D:2)
  5 hobgoblins
  4 jackals
  8 kobolds
  2 quokkas
  2 giant newts
  8 goblins
  5 rats
61 creatures vanquished.

Vanquished Creatures (collateral kills)
  A goblin (D:1)
  A rat (D:1)
2 creatures vanquished.

Grand Total: 63 creatures vanquished

Notes
Turn   | Place    | Note
--------------------------------------------------------------
     0 | D:1      | MDvedh the Gargoyle Summoner began the quest for the Orb.
     0 | D:1      | Reached XP level 1. HP: 10/10 MP: 3/3
   310 | D:1      | Reached skill level 1 in Maces & Flails
   611 | D:1      | Reached XP level 2. HP: 11/16 MP: 5/5
  1270 | D:1      | Reached XP level 3. HP: 20/20 MP: 6/6
  1723 | D:1      | HP: 1/20 [quokka (3)]
  2143 | D:2      | Noticed Sigmund
  2473 | D:2      | Reached XP level 4. HP: 15/24 MP: 7/7
  2802 | D:3      | Reached skill level 4 in Maces & Flails
  3312 | D:3      | Reached XP level 5. HP: 10/28 MP: 8/8
  3343 | D:3      | HP: 1/28 [orc wizard/magic dart (9)]
  3345 | D:3      | Gained mutation: Your spells are a little harder to cast, but a little more powerful. [potion of mutation]
  3345 | D:3      | Gained mutation: You are agile. (Dex +2) [potion of mutation]
  3345 | D:3      | Gained mutation: You have large cloven feet. [potion of mutation]
  3356 | D:3      | Killed from afar by an orc wizard

Action                   |  1- 3 |  4- 6 || total
-------------------------+-------+-------++-------
Melee: Club              |   214 |   134 ||   348
       Unarmed           |     6 |       ||     6
       Flail             |       |    36 ||    36
 Cast: Summon Small Mamm |     3 |       ||     3
  Use: Potion            |       |     2 ||     2
 Stab: Sleeping          |     3 |       ||     3
  Eat: Chunk             |     4 |     2 ||     6
       Beef jerky        |     1 |       ||     1
